cohdb
Replays
Latest Replays
All Replays
Popular Replays
Top Player Replays
Match Explorer
How It Works
Community
CoH3 Stats
Reddit
Sign in to upload your games and track your stats! →
Sign in with Steam
Match 42700556
Unlisted
Match 42700556
Overview
Messages
Build Orders
End
Engineer Squad
Selects Special Operations Battlegroup
Selects M29 Weasel Recon Vehicle
M29 Weasel Recon Vehicle
Construct Barracks
Riflemen Squad
Riflemen Squad
Infantry Support Center
Construct Motor Pool
Selects Raiding Flares
Raiding Flares
M1 Anti-tank Gun Team
Selects SSF Commando Squad
M8 Greyhound Armored Car
SSF Commando Squad
SSF Commando Squad
Construct Tank Depot
Selects P-47 Anti-Infantry Loiter
Selects UNKNOWN (2162291)
Longbowmen80
Fungers 🌹
ElakeFisk
崔小海
抖音雨哲QAQ
badger2
[DeanOfBao]hokkskyc
.
0
0
Comments
sign in to comment!
No comments posted yet!